 Dungeon Crawl Stone Soup version 0.25-a0-464-g3004169c2b (webtiles) character file.

Game seed: 2496256350739950067, levelgen mode: deterministic

1126 ChaosChampion the Sneak (level 8, -5/72 HPs)
             Began as a Naga Warper on Feb 4, 2020.
             Slain by Prince Ribbit (13 damage)
             ... on level 6 of the Dungeon.
             The game lasted 00:17:44 (5309 turns).

ChaosChampion the Sneak (Naga Warper)               Turns: 5309, Time: 00:17:45

Health: -5/72      AC: 11    Str: 15    XL:     8   Next: 35%
Magic:  5/13       EV:  5    Int: 15    God:
Gold:   104        SH:  0    Dex: 10    Spells: 7/14 levels left

rFire    . . .     SeeInvis +   A - +4 quarterstaff (chaos)
rCold    . . .     Gourm    .   (shield currently unavailable)
rNeg     . . .     Faith    .   v - +0 scale mail
rPois    +         Spirit   .   (no helmet)
rElec    +         Reflect  .   (no cloak)
rCorr    .         Harm     .   c - +0 pair of gloves
MR       +....     Rnd*Tele +   n - +0 naga barding
Stlth    ++........             (no amulet)
HPRegen  0.22/turn              g - ring of see invisible
MPRegen  0.13/turn              l - ring of poison resistance

@: very slightly contaminated, hasted, quick
A: large, see invisible, deformed body, mutation resistance 1, poison
resistance, screaming 1, electricity resistance, slowness 2, slow metabolism 1,
spit poison 1, teleportitis 1, AC +2
a: Spit Poison


You were on level 6 of the Dungeon.
You were very hungry.

You visited 1 branch of the dungeon, and saw 6 of its levels.

You collected 230 gold pieces.
You spent 126 gold pieces at shops.

Inventory:

Hand Weapons
 A - a +4 quarterstaff of chaos (weapon)
Missiles
 e - 5 boomerangs of dispersal (quivered)
 t - 33 poisoned darts
 y - 2 boomerangs
Armour
 b - a +0 leather armour
 c - a +0 pair of gloves (worn)
 n - a +0 naga barding (worn)
 o - a +2 buckler
 v - a +0 scale mail (worn)
Jewellery
 g - a ring of see invisible (left hand)
 l - a ring of poison resistance (right hand)
Scrolls
 d - 2 scrolls of blinking
 j - 3 scrolls of identify
 k - 2 scrolls of immolation
 q - a scroll of vulnerability
 r - 2 scrolls of enchant weapon
 u - a scroll of amnesia
 B - 3 scrolls of remove curse
Potions
 h - 4 potions of might
 m - a potion of magic
 p - 2 potions of cancellation {unknown}
 s - 2 potions of flight {unknown}
 w - 2 potions of haste
 x - 2 potions of curing {unknown}
 z - a potion of brilliance {unknown}
Comestibles
 f - 8 rations


   Skills:
 + Level 4.2 Fighting
   Level 3.8(4.2) Polearms
 + Level 2.6(3.6) Staves
 - Level 0.8 Throwing
 - Level 0.9 Armour
 - Level 1.9 Dodging
 + Level 6.5 Stealth
 + Level 2.2 Shields
 + Level 3.8 Spellcasting
 + Level 4.7 Translocations


You had 7 spell levels left.
You knew the following spells:

 Your Spells              Type           Power        Failure   Level  Hunger
a - Blink                 Tloc           N/A          17%         2    ##.....
b - Shroud of Golubria    Chrm/Tloc      #.....       41%         2    ##.....
c - Teleport Other        Tloc           ###.....     32%         3    ###....

Your spell library contained the following spells:

 Spells                   Type           Power        Failure   Level  Hunger
 Gell's Gravitas          Tloc           ###.......   32%         3    ###....
 Lesser Beckoning         Tloc           ###.......   32%         3    ###....
 Animate Skeleton         Necr           N/A          58%         1    None
 Magic Dart               Conj           #...         58%         1    None
 Pain                     Necr           #...         58%         1    None
 Passage of Golubria      Tloc           N/A          73%         4    ####...
 Searing Ray              Conj           #.....       75%         2    ##.....
 Dazzling Flash           Conj/Hex       #.....       92%         3    ###....
 Vampiric Draining        Necr           #.........   92%         3    ###....
 Iskenderun's Mystic Bla  Conj/Tloc      #.......     96%         4    ####...
 Animate Dead             Necr           N/A          100%        4    ####...
 Fulminant Prism          Conj/Hex       #.........   100%        4    ####...
 Agony                    Necr           #.......     100%        5    ######.


Dungeon Overview and Level Annotations

Branches:
Dungeon (6/15)
 Temple: D:4-7

Altars:
Uskayaw

Shops:
D:5 ?

Annotations:
D:6 Prince Ribbit


Innate Abilities, Weirdness & Mutations

You cannot wear boots.
Your serpentine skin is tough. (AC +2)
You have supernaturally acute eyesight. (SInv)
Armour fits poorly on your strangely shaped body.
Your system is resistant to poisons. (rPois)
You cover ground very slowly.
You have a slow metabolism.
You can spit poison.
You are somewhat resistant to further mutation.
You occasionally shout uncontrollably at your foes.
You are resistant to electric shocks. (rElec)
You are occasionally teleported next to monsters.


Message History

Prince Ribbit croaks regally.
Prince Ribbit hits you.
Prince Ribbit blinks!
Prince Ribbit hits you.
* * * LOW HITPOINT WARNING * * *
Casting: Teleport Other (safe; 32% risk of failure)
Confirm with . or Enter, or press ? or * to list all spells.
You blink.
Prince Ribbit hits you but does no damage.
Throwing (i - inventory. (/) - cycle)
e - 5 boomerangs of dispersal (quivered)
Press: ? - help, Shift-Dir - straight line, f/p - Prince Ribbit
Aim: Prince Ribbit (moderately wounded)
Okay, then.
Casting: Blink (safe; 17% risk of failure)
Confirm with . or Enter, or press ? or * to list all spells.
You miscast Blink.
The world appears momentarily distorted!
Prince Ribbit hits you!
* * * LOW HITPOINT WARNING * * *
It was a potion of haste.
You feel yourself speed up. Prince Ribbit hits you!
You die...

#...#
#..##
##..#
#..#
##..#
#..##
##..#
##..##
###.@##
##..F##
#...##
#...#
##..#
#..#
##.#
#?.
##..


You could see Prince Ribbit.

Vanquished Creatures
  Sigmund (D:2)
  2 ogres
  A black bear (D:6)
  A phantom (D:6)
  2 scorpions (D:5)
  A howler monkey (D:4)
  2 hounds (D:4)
  A bullfrog zombie (D:4)
  An orc priest (D:4)
  A centaur zombie (D:5)
  Crazy Yiuf (D:3)
  A bullfrog skeleton (D:4)
  Natasha (thrice) (D:2)
  3 worker ants (D:4)
  A hound skeleton (D:4)
  6 adders
  An ooze (D:5)
  4 worms
  A dart slug (D:4)
  A leopard gecko (D:1)
  7 orcs
  4 bats
  4 giant cockroaches
  5 goblins
  3 hobgoblins
  2 jackals (D:4)
  3 quokkas
  2 ball pythons
  4 frilled lizards
  5 kobolds
  A rat (D:2)
75 creatures vanquished.

Notes
Turn   | Place    | Note
-------+----------+-------------------------------------------
     0 | D:1      | ChaosChampion the Naga Warper began the quest for the Orb.
     0 | D:1      | Reached XP level 1. HP: 19/19 MP: 3/3
   361 | D:1      | Reached XP level 2. HP: 8/26 MP: 5/5
  1008 | D:2      | Reached skill level 1 in Stealth
  1012 | D:2      | Learned a level 2 spell: Blink
  1015 | D:2      | Learned a level 2 spell: Shroud of Golubria
  1176 | D:2      | Reached XP level 3. HP: 27/32 MP: 6/6
  1273 | D:2      | Reached skill level 2 in Stealth
  1326 | D:2      | Noticed Natasha
  1339 | D:2      | Killed Natasha
  1339 | D:2      | Reached XP level 4. HP: 26/40 MP: 5/7
  1590 | D:2      | Noticed Sigmund
  2074 | D:2      | Killed Sigmund
  2074 | D:2      | Reached skill level 4 in Stealth
  2074 | D:2      | Reached XP level 5. HP: 23/49 MP: 8/8
  2074 | D:2      | Reached XP level 6. HP: 26/56 MP: 9/9
  2296 | D:2      | Noticed Natasha
  2332 | D:2      | Killed Natasha
  2560 | D:2      | Noticed Natasha
  2572 | D:2      | Killed Natasha
  3001 | D:3      | Found a runed translucent door.
  3002 | D:3      | Noticed Crazy Yiuf
  3149 | D:3      | Killed Crazy Yiuf
  3587 | D:4      | Reached skill level 5 in Stealth
  3587 | D:4      | Reached XP level 7. HP: 37/62 MP: 11/11
  3719 | D:4      | Reached skill level 1 in Shields
  3808 | D:4      | Reached skill level 1 in Staves
  4120 | D:4      | Learned a level 3 spell: Teleport Other
  4568 | D:5      | Entered Level 5 of the Dungeon
  4683 | D:5      | Noticed a +0 dagger
  4683 | D:5      | Noticed a +0 dagger
  4684 | D:5      | Found a hide-covered altar of Uskayaw.
  4701 | D:5      | Reached skill level 6 in Stealth
  4701 | D:5      | Reached XP level 8. HP: 37/72 MP: 13/13
  4785 | D:5      | Found Pubb's Magic Scroll Emporium.
  4791 | D:5      | Bought a scroll of enchant weapon for 90 gold pieces
  4791 | D:5      | Bought a scroll of remove curse for 36 gold pieces
  5172 | D:6      | Gained mutation: You are frail. (-10% HP) [potion of
                  | mutation]
  5172 | D:6      | Gained mutation: You expend magic power (3 MP) to
                  | strengthen your wands. [potion of mutation]
  5173 | D:6      | Lost mutation: You are frail. (-10% HP) [potion of
                  | mutation]
  5173 | D:6      | Lost mutation: You expend magic power (3 MP) to strengthen
                  | your wands. [potion of mutation]
  5173 | D:6      | Gained mutation: You occasionally shout uncontrollably at
                  | your foes. [potion of mutation]
  5173 | D:6      | Gained mutation: You are resistant to electric shocks.
                  | (rElec) [potion of mutation]
  5173 | D:6      | Gained mutation: You are occasionally teleported next to
                  | monsters. [potion of mutation]
  5173 | D:6      | Gained mutation: You are somewhat resistant to further
                  | mutation. [potion of mutation]
  5295 | D:6      | Noticed Prince Ribbit
  5309 | D:6      | Slain by Prince Ribbit

Levels and vault maps discovered:
D:1:      sevenhm_arrival_forest_fort_large_2, layout_basic, minmay_tetromino_s2
D:2:      layout_basic, first_ration, minivault_25, minmay_misc_feat_pillars,
          uniq_sigmund, uniq_natasha
D:3:      layout_basic, kennysheep_generic_room_11, uniq_crazy_yiuf_cottage
D:4:      layout_layer_cave
D:5:      layout_gridville, dancing_weapons_uskayaw, serial_shops, shop
D:6:      layout_layer_cave, minmay_quadrilaterals, uniq_eustachio,
          uniq_prince_ribbit1, uniq_blork_the_orc

Skill      XL: |  1  2  3  4  5  6  7  8 |
---------------+-------------------------+-----
Stealth        | 1 2 4 5 6 |  6.5
Fighting       | 3 4 |  4.2
Polearms       | 3 |  3.8
Spellcasting   | 3 |  3.8
Shields        | 1 2 |  2.2
Translocations | 4 |  4.7
Staves         | 2 |  2.6
Throwing       | |  0.8
Armour         | |  0.9
Dodging        | |  1.9

Action                   |  1- 3 |  4- 6 |  7- 9 || total
-------------------------+-------+-------+-------++-------
Melee: Spear             |   118 |   147 |       ||   265
       Quarterstaff      |       |    35 |    94 ||   129
 Cast: Shroud of Golubri |     1 |     9 |       ||    10
       Blink             |       |     2 |     1 ||     3
       Teleport Other    |       |       |     1 ||     1
  Use: Scroll            |       |     3 |     8 ||    11
       Potion            |       |       |     3 ||     3
 Stab: Sleeping          |     1 |     5 |     3 ||     9
       Confused          |       |     1 |       ||     1
  Eat: Chunk             |       |     7 |     1 ||     8
       Ration            |       |       |     1 ||     1
Armor: Leather armour    |    54 |    67 |    33 ||   154
       Scale mail        |       |       |     8 ||     8
Dodge: Dodged            |    32 |    48 |    45 ||   125
Block: Shield            |     8 |       |       ||     8
       Buckler           |    16 |    19 |       ||    35

Table legend:
 A = Non-vault XP
 B = Vault XP
 C = Vault XP percentage of total XP
 D = Non-vault monster count
 E = Vault monster count
 F = Vault count percentage of total count
                 A         B        C        D         E       F
            +---------+---------+-------+---------+---------+-------
      Total |    1308 |     301 |  18.7 |      71 |       4 |   5.3
            +---------+---------+-------+---------+---------+-------
        D:1 |      14 |       0 |   0.0 |       9 |       0 |   0.0
        D:2 |     149 |     259 |  63.5 |      21 |       2 |   8.7
        D:3 |      29 |      42 |  59.2 |       8 |       2 |  20.0
        D:4 |     569 |       0 |   0.0 |      26 |       0 |   0.0
        D:5 |     306 |       0 |   0.0 |       5 |       0 |   0.0
        D:6 |     241 |       0 |   0.0 |       2 |       0 |   0.0
            +---------+---------+-------+---------+---------+-------
